[Event "Emerald City Open"]
[Site "Chess.com"]
[Date "2020.06.20"]
[Round "1"]
[White "Moore, Michael"]
[Black "Lenderman, Aleksandr"]
[Result "0-1"]
[ECO "B07"]
[WhiteElo "1950"]
[BlackElo "2717"]
[Annotator "Aleksandr Lenderman"]
[PlyCount "74"]
[EventDate "2020.??.??"]
[SourceVersionDate "2020.06.27"]
[TimeControl "5400+10"]

{This is my round 1 game against Michael Moore. Interestingly enough I've also
played him in the Memorial Day Washington Open in round 2 of that tournament,
as well as in the blitz event. So this is the third time I'm playing him,
which is quite unusual, but that means that I am getting more familiar with
his style. This is the first time I have black against him.} 1. d4 d6 2. e4 {
First small surprise. I thought he's mostly playing with Nf3 and g3 setups
here based on his recent games.} (2. Nf3 {I expected this.}) 2... Nf6 3. Nc3 e6
{counter surprise. This is a very unusual move but in my opinion, better than
the way it looks :) I've played this move twice before in classical games,
winning against a 2450 fide player and a 2300 fide player. It is a surprise
weapon, trying to get the person out of theory right away. Since I knew that
Michael is reasonably well knowledgable in theory, I figured this would be a
better choice than a more traditional choice of 3)... e5 or 3)...g6.3)...Nbd7
and 3)...c6 are also possible moves.} (3... e5) (3... Nbd7) (3... g6) (3... c6)
4. Be3 (4. Nf3) (4. f4 {These moves are more common here.}) 4... Nc6 (4... Be7
{Maybe this was more flexible.}) 5. Bd3 (5. f3 {Here, this might be the best
setup for white, more consistent with Be3. Also, now e5 can be met with d5 and
Ng4 is shut down.} e5 6. d5 (6. Nge2)) (5. h3 Be7 6. f4 {Was also possible.})
5... e5 6. dxe5 (6. d5 {Was more ambitious and led to a complex fight.} Ne7 7.
Nce2 (7. h3)) 6... dxe5 7. h3 Bb4 8. Nf3 (8. Nge2 {I thought this is safer.})
8... O-O 9. O-O Bxc3 10. bxc3 Qe7 {Here I was quite happy with this unbalanced
structure.} 11. Qe2 Rd8 12. Rfb1 $6 {This move seemed strange to me. He wanted
to stop Be6 perhaps, but I was planning to play b6 anyway.} (12. Bg5 $5 {
Was probably better.}) 12... b6 13. Bg5 h6 14. Bh4 g5 15. Nxg5 $5 {I have to
say, I underestimated this move. I didn't think it worked, but somehow it
created me some problems.} (15. Bg3 Nh5 {Here I liked my position. I thought I
go Nf4, and also none of the tactics really work for him.} 16. Bxe5 (16. Nxe5
Nxg3 17. Nxc6 Nxe2+ {I take the queen with check, that's the key point}) (16.
Bb5 Nxg3 17. fxg3 Na5 $17) 16... Nxe5 17. Nxe5 Nf4) 15... hxg5 16. Bxg5 Rd6 17.
Qf3 {Here I thought for a while and I was happy to find a good idea to give
the material back but get rid of his most dangerous pieces.} Qe6 18. Bc4 Qxc4
19. Bxf6 Rxf6 $6 {But this wasn't necessary it turned out.} (19... Qe6 20. Qg3+
Kf8 {I somehow didn't consider allow the bishop to stay on f6, but in fact
there is no mate, I have everything covered, and I'll end up simply with an
extra piece.} 21. Qg7+ Ke8 22. Qg8+ Kd7 {Here the knight on c6 covers the d8
square.}) 20. Qxf6 Qxe4 21. Re1 Qg6 22. Qh4 {Here he definitely at least has
some play and I probably did not handle the complications in the best way.} Bf5
(22... f5 {This was better, a prophylaxis against Re3.} 23. Re3 f4) 23. Re3 Qd6
(23... Qe6 24. f4 {Here f4 concerned me}) 24. Rg3+ (24. Qg5+ $1 Bg6 (24... Qg6
{I was planning to do this and after Qh4 to play another move.} 25. Qh4 Qe6)
25. h4 {Was stronger for white. Objectively white is not worse here.}) 24...
Bg6 25. Re1 $6 {This turned out to be too slow.} (25. Qg5 $1 {Again, this was
important to try to play a quick h4.}) 25... Kg7 26. Ree3 Rh8 27. Qc4 Ne7 {
Now I'm consolidating and getting my pieces into good squares.} 28. Ref3 {
Creating a not so subtle threat of taking on f7 :)} Nd5 29. Qg4 Nf4 30. Kh2 Rh5
31. Qc8 (31. Rxf4 exf4 32. Qxh5 fxg3+ {Was obviously winning for me.}) 31... e4
(31... Ne2 {Was tempting but less clear because of an intermediate move...} 32.
Rd3 $1) 32. Re3 Rh8 33. Qg4 Nh5 34. Rxe4 Nf6 35. Qf3 Nxe4 36. Qxe4 Qxg3+ 37.
fxg3 Bxe4 {AlexanderL won by resignation. An interesting round one struggle.
Was an exciting warmup :)} 0-1

[Event "Emerald City Open"]
[Site "Chess.com"]
[Date "2020.06.20"]
[Round "2"]
[White "Lenderman, Aleksandr"]
[Black "Guha, Eshan"]
[Result "1-0"]
[ECO "E18"]
[WhiteElo "2717"]
[BlackElo "2129"]
[Annotator "Aleksandr Lenderman"]
[PlyCount "167"]
[EventDate "2020.??.??"]
[SourceVersionDate "2020.06.27"]
[TimeControl "5400+10"]

{In this game I am playing against one of my higher rated students, Eshan Guha,
who is 2100+ USCF, and a very hard working student. He's a tough competitor
and very resilient and I expected a tough game, and indeed, got one.} 1. Nf3
Nf6 2. c4 e6 3. Nc3 d5 4. d4 Be7 5. g3 O-O 6. Bg2 b6 {Probably this is
favorable for white. If black wants to play closed catalan, he should usually
play c6 first.} (6... c6) 7. cxd5 exd5 8. O-O Bb7 9. Bf4 Na6 10. Ne5 {I think
one move too soon. I couldn't recall my earlier game precisely.} (10. Rc1 {
This is better first and then after c5, see how he takes back, meanwhile white
is flexible.} c5 11. dxc5 bxc5 (11... Nxc5 12. Nb5) 12. Qb3 Qb6 13. Qxb6 (13.
Nd2) 13... axb6 14. Nd2) 10... c5 11. dxc5 Nxc5 {Now this should be fine for
black.} 12. Rc1 Nfe4 (12... Rc8 13. Bh3 Ne6 {Was possibly more logical.} (13...
d4 $5)) 13. Nxe4 dxe4 14. Qc2 Rc8 15. Qb1 (15. Rfd1 Nd3) 15... Bg5 (15... g5
16. Rfd1 Bd5 17. b4 $1 $16) 16. Rfd1 Qf6 (16... Qe7 {I expected this although
here I'm also better.} 17. b4 Bxf4 18. gxf4 f6 (18... Ne6 19. Rd7) 19. bxc5
fxe5 20. cxb6 axb6 21. Qb3+ Kh8 22. fxe5 Qxe5 23. Qxb6 $16 {With an extra pawn.
}) 17. Rxc5 bxc5 18. Nd7 Qf5 19. Bxg5 Qxg5 (19... Rfe8 20. Be3 $18) 20. Nxf8
Rxf8 21. Bxe4 Bxe4 22. Qxe4 g6 {Now this should be a relatively easy techincal
win but I was really misplaying it, possibly getting too relaxed in a winning
position.} 23. b3 $2 {I'm very upset at myself for this lazy move. Absolutely
no reason to let him trade rooks and contest the file.} (23. Kg2 Rd8 24. Qe3) (
23. Qc4 {Was a nice prophlyaxis move.} Rd8 24. Rxd8+ Qxd8 25. Qxc5 Qd1+ 26. Kg2
Qxe2 27. Qxa7 Qe4+ 28. f3 $18) 23... Rd8 24. Rxd8+ Qxd8 25. Kg2 Qa5 26. a4 Qb6
27. Qd5 Qc7 28. e4 Qe7 $6 (28... h6) (28... h5 {Was more stodgy.}) 29. a5 Qc7
30. a6 Qb6 31. Qb7 Qe6 32. h3 Kg7 33. Qxa7 $2 {I thought it just wins easily
but in fact the battle only starts here. Very ashamed at myself for having
this letdown in an easy winning position.} (33. Kg1 h5 34. Qxa7 Qxe4 35. Qb7
$18 {Was just so simple.}) 33... Qxe4+ 34. Kh2 Qe2 35. Qb7 c4 $1 {A very nice
resource, which I just missed.} 36. bxc4 $6 {Again not the most precise.} (36.
Kg2 c3 {Was afraid of c3 but white should be winning here.} 37. a7 c2 38. Qc6
Qd2 39. a8=Q c1=Q 40. Qce8 {I thought that with both sides queening it's a
draw but I didn't see that I can create mating threats while black cannot.})
36... Qxf2+ 37. Qg2 Qa7 38. Qb2+ Kg8 39. Qa2 h5 $1 {Again, strong resistance
by Eshan. Somehow I thought c5 c6 will just win easily but no, here I have to
actually win the game over again, and do some unpleasant calculation.
Therefore a good lesson here. Better to work harder earlier, spend an extra
3-5 minutes, and win cleanly, then get here and then do the unpleasant work.}
40. h4 g5 $1 {Of course! The only chance.} 41. hxg5 h4 42. gxh4 $6 {Looks like
a mistake. Here I feel like I was tilting, being very upset to have gotten to
this point in the first place.} (42. Qd2 hxg3+ 43. Kxg3 Qxa6 44. Qd5 {Was
maybe objectively better with decent winning chances.}) 42... Qc7+ $6 {
tempting but wrong.} (42... Qd4 $3 {When in doubt, centralize your queen! It
works 9/10 times, I noticed in chess.} 43. a7 Qxh4+ 44. Kg2 Qg4+ {And I cannot
escape perpetual.}) 43. Kg2 Qc6+ 44. Kg1 Qb6+ 45. Kf1 Qc6 46. Kf2 Qc5+ 47. Kg2
Qc6+ 48. Kg1 Qb6+ 49. Qf2 Qxa6 50. Qd4 {As unpleasant as it was to have to
give up that beautiful a6 pawn, I knew that I should be able to win this step
by step with a centralized queen, a passed pawn and 2 pawns up. It will just
take time and I'll have to win the game over again.} Qa2 51. c5 Qb1+ 52. Kf2
Qf5+ 53. Kg3 Qe6 54. Qd8+ Kh7 55. Qd3+ Kg8 56. Qc3 Qc6 57. Qe5 {Again
centralizing the queen. From here my technique was probably not perfect, but
good enough.} Qb5 58. Qd4 Qb3+ 59. Kf4 Qb8+ 60. Qd6 $5 {A pawn sac. GIving up
material to make my queen and my c-pawn stronger. That's a common motif in
material-up endgame to give up some of your material to strengthen your
position.} Qb4+ 61. Ke5 Qxh4 62. Qd8+ Kg7 63. Qf6+ Kg8 64. Kd6 Qg3+ 65. Qe5
Qd3+ 66. Kc7 Qa6 67. c6 Qa7+ 68. Kd8 Qa8+ 69. Kd7 Qa4 70. Qf6 Qg4+ 71. Kd8 Qd1+
72. Kc7 Qa4 73. Qf5 Qa7+ 74. Kd8 Qd4+ 75. Kc8 Qa7 76. c7 Qa8+ 77. Kd7 Qb7 78.
g6 fxg6 79. Qxg6+ Kh8 80. Qf6+ Kh7 81. Qf7+ Kh8 82. Qf8+ Kh7 83. Qc5 $1 {
This is cleanest, since I saw that c5 is one of the key squares which controls
b6(pinning square when my king goes to d8) and d5, the checking square. Now
black is lost.} Kg8 84. Kd8 {AlexanderL won by resignation. I was happy with
the result, and happy with my student's resistance, but dissapointed with me
relaxing too early in a winning game.} 1-0

[Event "Emerald City Open"]
[Site "Chess.com"]
[Date "2020.06.20"]
[Round "3"]
[White "Raptis, Nick"]
[Black "Lenderman, Aleksandr"]
[Result "1-0"]
[ECO "D37"]
[WhiteElo "2393"]
[BlackElo "2717"]
[Annotator "Aleksandr Lenderman"]
[PlyCount "217"]
[EventDate "2020.??.??"]
[SourceVersionDate "2020.06.27"]
[TimeControl "5400+10"]

{This game is against Nick Raptis, a very formidable master, with whom I've
played many blitz games going way back. He is a tough creative player with a
very versatile opening reportoire, so I knew it will be a tough game.} 1. d4
Nf6 2. c4 e6 3. Nf3 a6 {This is kind of designed against the Catalan.} 4. Nc3 (
4. g3 b5 {Is the point. I think black is doing well here.}) 4... d5 5. a4 $5 {
Now, this surprised me. Much more common are...} (5. cxd5) (5. Bg5) (5. e3) (5.
c5) 5... Bb4 {This was a critical moment for me since I never saw the move a4.
I was trying to figure out under which circumstances would the a6 a4 inclusion
be the most ideal for me. Eventually I decided on Bb4.} (5... Be7 {I also
considered this.}) (5... c5 6. cxd5 Nxd5 (6... cxd4 {However this or exd5
maybe deserved attention where a4 is really misplaced.}) (6... exd5 7. Bg5 (7.
g3)) 7. e4 Nxc3 8. bxc3 {In this structure I thought that a6 isn't so well
placed for me due to the weakness of the b6 square.}) (5... c6 6. Bg5) (5...
Nc6 {Engine likes Nc6 and h6 which I didn't consider all that much.}) (5... h6)
(5... dxc4 {Finally this would transpose into the vienna where a4 is
reasonably placed, it will look like a main line QGA.} 6. e3) 6. Bd2 $6 {
Now this also surprised me, and probably this isn't so good. I expected
something more along the lines of Bg5.} (6. Bg5) 6... O-O 7. e3 b6 $6 {
Possibly inaccuracy in return.} (7... c5 {Here c5 might make sense, since
white's most logical move would be a4-a3, except for that's illegal now :)}) (
7... Qe7 {Also Qe7 might be good to prepare c5.}) 8. cxd5 exd5 9. Bd3 {Now we
get sort of a theoretical position with a4 and a6 included. I decided to take
advantage of a6 played and wanted to wait with playing Bb7. Probably, I
overcomplicated it.} Bd6 {I wanted to discourage Ne5. Of course, it still
might be playable here. Also, taking advantage of the fact that Nb5 is not
available for white.} (9... c5 10. O-O (10. Ne5) 10... Bb7 11. Ne5) 10. O-O Re8
11. Qc2 c5 $6 {I regretted this move after my opponent's move. I saw my
opponent can play e4 in reply to c5 but really underestimated it, perhaps
subconsciously I wasn't thinking he would play it, at least not right away.} (
11... Bb7 {This is probably more solid and sensible, keeping the tension and
hoping to outplay him later. Though I doubt I'm better here after a5.} 12. a5)
12. e4 $1 {Very strong move. Otherwise white might be worse.} (12. dxc5 bxc5
13. e4 c4 14. Be2 dxe4 {Clearly is good for black.}) (12. Bf5 Nc6 {Is also
very comfortable for black. I guess I was expected to get such a position.})
12... c4 (12... cxd4 13. Nxd5) (12... dxe4 13. Nxe4) 13. e5 cxd3 14. Qxd3 Nc6 (
14... Be7 15. exf6 Bxf6 16. Rfe1 {Is solid for white.}) 15. exd6 Qxd6 (15...
Nb4 {In restrospect I probably should've included this move.}) 16. Rfe1 Bg4 17.
Ne5 $1 {Another nice move that I underestimated. I thought it just loses a
pawn but then realized he gets a lot of compensation. In general my opponent
was playing very principled and creative chess and was asking me a lot of
questions, which was very irritating.} Nb4 (17... Nxe5 18. dxe5 Rxe5 19. Rxe5
Qxe5 20. Re1 Qd6 21. Bg5 {Here he just gets full compensation and it seems
like I cannot create any winning chances anymore.}) 18. Qg3 Bf5 19. Bf4 Nh5 {
Now, this was a fascinating position, which took a lot of energy from me. I
had a lot to calculate.} (19... Qd8 20. Bg5 {Would feel like a concession.}) (
19... Nc2 {This move somehow I didn't see.} 20. Nxf7 Nxa1 21. Rxe8+ Rxe8 22.
Nh6+ Kh8 23. Nf7+ {Although it leads to a forced draw which I wasn't as happy
with.}) 20. Qg5 $1 {The principled move.} Nxf4 (20... g6 {From before I played
Nh5 I was really trying to make this move work but ultimately I thought it
didn't work.} 21. g4 $1 f6 (21... Nxf4 {Objectively best is this, but this is
a concession.} 22. Qxf4 Be6 23. Rac1 (23. Nxg6 {I thought even this is
playable but looks like I misevaluated it.} Qxf4 24. Nxf4 Nc2 25. Ncxd5 Bxd5 {
Here black just wins.}) (23. Re2 {And here the f6 square is a bit weak.})) 22.
Nxg6 $3 {On one hand I was very happy to have spotten this resource for my
opponent and therefore, I avoided playing this tempting line. On the other
hand it was very frustrating for me that this resource had to exist for him :(
I'm not even sure if he saw this when he played Qg5, but unfortunately white
is just better in all the lines, and the computer approves of my calculation
in this case.} fxg5 23. Bxd6 Bxg6 24. Bxb4 {And my knight happens to hang to
rub salt into my wounds.}) 21. Qxf5 f6 $1 {I was very happy to have spotted
this actually before I played Nh5.} 22. Qd7 $2 (22. Qxf4 Nc2 {This is the
point. He is losing material here.}) (22. Ng4 $11 {Objectively best was Ng4,
which I expected, and here I thought it's about equal.}) 22... Qxd7 {I played
this fairly quickly since I was happy that I was winning the exchange and
thought I should have good winning chances. I didn't see that I had something
much better and more subtle which apparently just wins.} (22... Qe6 $3 {
Sadly I didn't consider this move.} 23. Qxe6+ Nxe6 24. Nd7 Rad8 25. Nxb6 Nc2 {
This is just game over.}) 23. Nxd7 Red8 24. Nxb6 Rab8 25. a5 Nc2 26. g3 Nxa1 $6
{Another inaccuracy. Selling my advantage cheaply.} (26... Nd3 27. Reb1 (27.
Red1 Nxb2 28. Rdb1 Nxa1 29. Rxb2 {I think if I remember correctly, I stopped
my variation here, thinking my knight is in a box, but black is winning here
with a very important...} Rdc8 $1 30. Ncxd5 Rc1+ 31. Kg2 Nc2 $19) 27... Nxa1) (
26... Nxe1 27. Rxe1 Nd3 28. Rb1 Nb4 $17 {This would also give me excellent
winning chances.}) 27. Rxa1 Ne6 28. Rd1 Nc7 29. b4 Rd6 30. Nca4 Rc6 31. Nc5 Kf7
32. Kf1 Rd8 33. Kg1 Na8 34. Nba4 {Here I had a very hard time coming up with a
good plan.} Rb8 35. Rb1 g5 36. Kf1 h5 37. Ke2 Nc7 38. Nb6 Rh8 39. Kd3 Rb8 40.
Ncd7 Re8 41. Nc5 Nb5 42. Rd1 Kg6 43. Rd2 $6 {Giving me a chance, which at
first I capitalize on.} Re1 44. Re2 Rxe2 $6 {But now I go badly wrong.} (44...
Ra1 45. Nxd5 (45. Rd2 Nc7 46. Kc3 Rh1 {and most likely black should win with
perfect play.}) 45... Rd6 {Was just winning.}) 45. Kxe2 Nxd4+ 46. Kd3 Nb5 47.
Nxd5 Rd6 48. Kc4 Na3+ 49. Kb3 Rxd5 $6 {This is already playing with fire. At
this point I should make a draw. This whole endgame I am ashamed of the way
I've played.} 50. Kxa3 Rd6 $2 {And this is the decisive mistake.} (50... Kf5
51. Nxa6 Ke5 52. Nc5 Kd6 {Would still be enough for a draw for black.}) 51. Ka4
Rd2 (51... Kf5 52. Nxa6 {This is the idea I missed from far away :(} Rxa6 53.
b5 {And the pawns are unstoppable.}) 52. Nxa6 Rxf2 53. b5 Ra2+ (53... Rb2 54.
Nb4 {Is losing right away.}) 54. Kb4 f5 (54... Rxh2 55. b6 h4 56. gxh4 gxh4 57.
Kc3 $1 (57. Kb5 h3 58. b7 Rb2+ 59. Nb4 h2 60. b8=Q h1=Q {Would actually be a
draw.}) 57... Ra2 58. b7 Rxa5 59. b8=Q Rxa6 {We could've reached almost by
force this interesting endgame. It looks like white should eventually win
though.} 60. Qg8+ $18) 55. Nc5 f4 56. gxf4 gxf4 57. b6 f3 58. b7 Rb2+ 59. Nb3
f2 60. b8=Q Rxb3+ 61. Kxb3 f1=Q 62. Qb6+ {I was not very optimistic about this
being holdable, but my only hope was that he was low on time, and my accuracy
probably suffered here since I was mostly playing on his time now. However the
increment really helped him here going forward. I could've probably defended
more tenaciously but I guess I was always lost from here.} Kf5 63. Qc5+ Kg6 64.
Qc2+ Kf6 65. Qc6+ Kg7 66. Qc7+ Kg6 67. Qd6+ Kg7 68. Kb4 Qb1+ 69. Kc5 Qc2+ 70.
Kb6 Qf2+ 71. Qc5 Qb2+ 72. Qb5 (72. Kc6 Qg2+ 73. Kd6 {Was more accurate since
Qxh2+ is met with Qe5+}) 72... Qxh2 73. Qg5+ Kf7 74. Qf5+ Ke7 (74... Kg7 {
I should probably keep the king further closer to the edge to avoid potential
tactics with queen exchanges.}) 75. Qe4+ Kd8 76. Qd5+ Kc8 77. Qg8+ Kd7 78. Qf7+
Kd8 79. Qf6+ Kd7 80. Qc6+ Kd8 81. Kb7 $1 {This was a nice move which I missed.
Now it is very difficult to defend.} Qe2 $1 {Looks like only chance.} (81...
Qb2+ 82. Qb6+ Qxb6+ 83. axb6 (83. Kxb6 h4 84. a6 h3 85. a7 h2 86. a8=Q+) 83...
h4 84. Ka7 h3 85. b7 h2 86. b8=Q+ {He queens with check.}) 82. Qb6+ Kd7 83.
Qc7+ Ke8 84. a6 Qb2+ 85. Kc8 Qa3 86. Qd7+ Kf8 87. a7 {Here even the engine is
confused about whether this is winning for white or a draw. Either way, I
could've defended better from here probably.} Qa6+ (87... Qc5+ 88. Qc7 Qf5+ 89.
Kb7 Qb5+ 90. Qb6 Qd7+ 91. Ka8 Qd5+ 92. Kb8 Qe5+ 93. Kb7 {Looks like might
eventually win. Probably a tablebase is important here.}) 88. Kb8 Qb6+ 89. Qb7
Qd6+ 90. Qc7 Qb4+ 91. Kc8 Qe4 (91... Qg4+ {Maybe this was a better try.}) 92.
Qc5+ Kg7 93. Kb8 Qe8+ 94. Kb7 Qe4+ 95. Qc6 Qb4+ 96. Kc7 Qa5+ 97. Qb6 Qe5+ 98.
Kb7 Qe4+ 99. Qc6 Qb4+ 100. Kc8 Qf8+ 101. Kc7 Qf4+ 102. Qd6 Qc4+ 103. Kd8 Qg8+
104. Kd7 Qa8 105. Qe5+ Kh6 106. Qf6+ Kh7 107. Qe7+ Kh6 108. Qe3+ Kg6 $6 (108...
Kh7 {This would prolong the fight but probably not change the result.} 109. Kc7
h4 110. Qa3 $18) 109. Qe8+ {LADIESGET2KNOWME won by resignation. Tough loss.}
1-0